AoeStats
← AloneArcher

Nomad

510569811Analyzed
2v2 RM · 2d ago on Oct 1, 2026· 35m 39s· 4 players
Game mode
Random Map
Map size
176×176
Population
200
Speed
Normal
Resources
Standard
Victory
Conquest
Starting age
Dark Age
Ending age
Imperial Age
RankedLock teamsTeams togetherTeam positionsShared explorationLock speedFull tech treeHidden civsTurbo modeCheats
Victory
Defeat
🇹🇷 Burgundians · Türkiye
800
+15
🇪🇸 Turks · Spain
753
+17
🇨🇴 Celts · Colombia
782
-16
🇪🇸 Poles · Spain
782
-16
Epidemia
4:05 Loom
15:13 Feudal Age
19:09 Fishing Lines
20:29 Town Watch
21:38 Fletching
23:52 Castle Age
22:35 Double-Bit Axe
24:37 Bodkin Arrow
25:03 Medium Warships
24:51 Gillnets
25:21 Gillnets
25:50 Careening
27:22 Murder Holes
27:38 Clinker Construction
28:48 Pikeman
33:25 Bow Saw
36:03 Ballistics
SATANAS
6:15 Loom
20:00 Feudal Age
27:31 Castle Age
26:14 Man-at-Arms
28:24 Double-Bit Axe
28:58 Long Swordsman
31:35 Scale Mail Armor
33:20 Wheelbarrow
AloneArcher
10:12 Double-Bit Axe
10:08 Horse Collar
16:14 Feudal Age
16:04 Fishing Lines
18:07 Bow Saw
18:40 Gold Mining
22:23 Loom
25:11 Castle Age
23:19 Stone Mining
24:05 Gold Shaft Mining
25:30 Stone Shaft Mining
30:42 Gillnets
Josico90
3:40 Loom
14:34 Feudal Age
14:59 Town Watch
15:01 Double-Bit Axe
14:58 Horse Collar
15:28 Fishing Lines
20:20 Castle Age
18:37 Padded Archer Armor
18:34 Stone Mining
18:50 Gold Mining
19:30 Forging
20:03 Scale Barding Armor
20:48 Wheelbarrow
20:32 Fletching
21:20 Bow Saw
21:17 Heavy Plow
21:47 Leather Archer Armor
23:07 Squires
22:52 Arson
23:15 Bodkin Arrow
27:56 Murder Holes
29:35 Treadmill Crane
33:39 Imperial Age
31:40 Ballistics
33:37 Masonry
34:53 Bracer
35:44 Conscription
36:11 Architecture
Connection lost

Rejoining the realm…

Still unreachable

The connection could not be restored.

Session expired

The server has moved on; the page needs a fresh start.